WCHLSIM.com - West Coast Hockey League
html PUBLIC "-//W3C//DTD XHTML 1.0 Transitional//EN" "http://www.w3.org/TR/xhtml1/DTD/xhtml1-transitional.dtd"> WCHL - Game 455 - VANCOUVER VOODOO vs WINNIPEG BEAVERS

VANCOUVER VOODOO vs WINNIPEG BEAVERS

Created - 10 décembre 2019 at 18:37

Goals
1 2 3 T
VANCOUVER VOODOO 1 2 1 4
WINNIPEG BEAVERS 1 1 0 2
Shots
1 2 3 T
VANCOUVER VOODOO 10 12 12 34
WINNIPEG BEAVERS 9 11 4 24

1st period

1. VANCOUVER VOODOO , Anze Kopitar 7 (Cam Atkinson 18, Danny DeKeyser 5) at 2:26
2. WINNIPEG BEAVERS , Brad Marchand 18 (David Krejci 22, Gustav Nyquist 22) at 17:16

Penalties :
Nick Seeler (WIN) for Interference (Minor) at 2:49, Mike Green (WIN) for Interference (Minor) at 7:24, Ilya Kovalchuk (WIN) for Cross-checking (Minor) at 14:50, Nick Seeler (WIN) for Interference (Minor) at 19:37

2nd period

3. WINNIPEG BEAVERS , Gustav Nyquist 7 (Brad Marchand 21, David Krejci 23) at 3:00
4. VANCOUVER VOODOO , Tyson Jost 1 (Bryan Little 12, Rocco Grimaldi 9) at 9:59
5. VANCOUVER VOODOO , Cam Atkinson 20 (Tyson Jost 3, Bryan Little 13) at 17:19 (PP)

Penalties :
Danny DeKeyser (VAN) for Hooking (Minor) at 5:02, Brad Marchand (WIN) for High sticking (Minor) at 17:03

3rd period

6. VANCOUVER VOODOO , Anze Kopitar 8 (Cam Atkinson 19, Danny DeKeyser 6) at 0:36

Penalties :
No Penalty

Goalie Stats

Carey Price (VAN), 22 saves from 24 shots - (0,917), W, 14-10-4, 60:00 minutes
Linus Ullmark (WIN), 10 saves from 10 shots - (1,000), 19:24 minutes
Sergei Bobrovsky (WIN), 20 saves from 24 shots - (0,833), L, 16-8-1, 40:36 minutes

Players Stats for VANCOUVER VOODOO

Player Name              G  A  P  +/- PIM S  H  SB GA TA FO     MP     PP MP  PK MP  
------------------------------------------------------------------------------------
Anze Kopitar             2  0  2   2  0   8  0  0  0  0  17/27  17:58   3:36   0:28 
Austin Wagner            0  0  0  -1  0   0  1  0  0  0  0/0    10:52   0:00   0:00 
Brendan Lemieux          0  0  0   2  0   0  3  0  0  0  1/1    13:54   0:00   0:00 
Bryan Little             0  2  2   1  0   4  1  0  0  0  10/22  18:42   4:36   0:00 
Cam Atkinson             1  2  3   2  0   4  0  0  0  0  0/2    18:08   4:14   0:00 
Carter Verhaeghe         0  0  0  -1  0   0  0  0  0  0  5/9    10:52   0:00   0:00 
Daniel Girardi           0  0  0   1  0   1  4  2  0  0  0/0    18:26   0:00   1:17 
Danny DeKeyser           0  2  2   1  2   1  0  1  0  0  0/0    20:43   3:35   0:00 
Denis Malgin             0  0  0  -1  0   3  0  0  0  0  1/2    16:26   3:58   1:31 
Jack Johnson             0  0  0   1  0   1  2  0  0  0  0/0    15:47   0:00   1:17 
Joel Eriksson Ek         0  0  0  -1  0   0  0  0  0  0  2/2    12:23   0:00   1:31 
Leo Komarov              0  0  0  -1  0   0  0  0  0  0  5/10   10:57   0:00   0:00 
Magnus Paajarvi-Svensson 0  0  0  -1  0   2  0  0  0  0  0/1    14:55   3:58   0:00 
Mathew Dumba             0  0  0   1  0   2  1  0  0  0  0/0    19:31   4:37   0:42 
Michael Matheson         0  0  0  -1  0   0  5  3  0  0  0/0    22:45   3:35   0:42 
Rocco Grimaldi           0  1  1   1  0   3  0  0  0  0  0/1    14:34   0:00   0:28 
Shea Theodore            0  0  0  -1  0   1  2  0  0  0  0/0    22:47   4:37   0:00 
Tyson Jost               1  1  2   1  0   4  0  0  0  0  2/6    18:20   4:14   0:00 

Players Stats for WINNIPEG BEAVERS

Player Name              G  A  P  +/- PIM S  H  SB GA TA FO     MP     PP MP  PK MP  
------------------------------------------------------------------------------------
Brad Marchand            1  1  2   2  2   1  1  0  0  0  1/2    17:40   1:09   0:00 
Brandon Tanev            0  0  0  -2  0   2  3  0  0  0  0/0    17:55   0:50   4:16 
David Backes             0  0  0  -2  0   1  0  0  0  0  5/10   16:45   0:00   3:56 
David Krejci             0  2  2   2  0   3  2  0  0  0  13/22  17:41   1:09   0:00 
Gustav Nyquist           1  1  2   2  0   3  0  1  0  0  0/1    17:22   0:50   0:00 
Ilya Kovalchuk           0  0  0  -1  2   0  0  0  0  0  0/0    15:35   0:00   0:00 
Justin Braun             0  0  0   0  0   0  2  4  0  0  0/0    22:20   1:09   4:41 
Kevan Miller             0  0  0  -2  0   0  2  1  0  0  0/0    15:23   0:50   0:00 
Kris Russell             0  0  0   1  0   1  3  0  0  0  0/0    21:45   1:09   3:31 
Matt Cullen              0  0  0   0  0   0  0  0  0  0  2/5     8:48   0:00   3:56 
Mika Zibanejad           0  0  0  -1  0   5  2  0  0  0  8/19   16:26   0:50   0:00 
Mike Green               0  0  0   1  2   2  1  1  0  0  0/0    20:08   0:50   0:33 
Nick Seeler              0  0  0  -2  4   0  2  0  0  0  0/0    18:03   0:00   1:51 
Pontus Aberg             0  0  0   0  0   0  0  0  0  0  0/0     4:52   0:00   0:00 
Reyley Smith             0  0  0  -1  0   2  0  0  0  0  0/1    16:45   1:09   0:00 
Travis Zajac             0  0  0  -2  0   2  0  0  0  0  11/23  17:05   0:00   4:16 
Trevor Daley             0  0  0   0  0   2  0  0  0  0  0/0    22:18   0:00   5:48 
Troy Brouwer             0  0  0   0  0   0  1  0  0  0  0/0     4:52   0:00   0:00 

3 Stars

1 - Cam Atkinson (VAN)
2 - Anze Kopitar (VAN)
3 - Tyson Jost (VAN)

Power Play

VANCOUVER VOODOO - 1 on 5 Attempt(s) - 20,00%
WINNIPEG BEAVERS - 0 on 1 Attempt(s) - 0,00%

Penalty Kill

VANCOUVER VOODOO - 1 on 1 Attempt(s) - 100,00% - Score 0 goal in Penalty Kill
WINNIPEG BEAVERS - 4 on 5 Attempt(s) - 80,00% - Score 0 goal in Penalty Kill

Team Stat

VANCOUVER VOODOO - Hits : 19 - Faceoff Wins : 43 - Blocked Shots : 6 - Penalty Minutes : 2
WINNIPEG BEAVERS - Hits : 19 - Faceoff Wins : 40 - Blocked Shots : 7 - Penalty Minutes : 10

Official

Referees : Marc Joannette and Pierre Lambert
Linesman : Brandon Gawryletz and Jim Vail

Game Notes

Linus Ullmark enters game at 0:36 of 3rd period

Finance

Level 1 -- Attendance: 6000 (100,00%) -- Ticket Income 744 000 $
Level 2 -- Attendance: 5000 (100,00%) -- Ticket Income 435 000 $
Level 3 -- Attendance: 2000 (100,00%) -- Ticket Income 128 000 $
Level 4 -- Attendance: 4000 (100,00%) -- Ticket Income 172 000 $
Luxury Box -- Attendance: 1000 (100,00%) -- Ticket Income 255 000 $
Total Attendance: 18000 (100,00%)
Total Ticket Income: 1 734 000 $
Other Income: 520 200 $
Total Income: 2 254 200 $

VANCOUVER VOODOO

5 vs 5 Forward 
   Center                   Left Wing                Right Wing               Time % Phy DF OF 
 1 Anze Kopitar             Brendan Lemieux          Cam Atkinson             34     1   1  3  
 2 Bryan Little             Tyson Jost               Rocco Grimaldi           34     1   2  2  
 3 Leo Komarov              Magnus Paajarvi-Svensson Denis Malgin             23     2   2  1  
 4 Carter Verhaeghe         Austin Wagner            Joel Eriksson Ek         9      1   3  1  

5 vs 5 Defense 
   Defense                  Defense                                           Time % Phy DF OF 
 1 Danny DeKeyser           Daniel Girardi                                    37     1   3  1  
 2 Shea Theodore            Michael Matheson                                  36     1   2  2  
 3 Mathew Dumba             Jack Johnson                                      27     2   1  2  
 4 Jack Johnson             Michael Matheson                                  0      1   2  2  

PowerPlay Forward 
   Center                   Left Wing                Right Wing               Time % Phy DF OF 
 1 Bryan Little             Tyson Jost               Cam Atkinson             50     0   1  4  
 2 Anze Kopitar             Denis Malgin             Magnus Paajarvi-Svensson 50     1   1  3  

PowerPlay Defense
   Defense                  Defense                                           Time % Phy DF OF 
 1 Mathew Dumba             Shea Theodore                                     59     1   0  4  
 2 Michael Matheson         Danny DeKeyser                                    41     1   2  2  

Penalty Kill 4 Players Forward 
   Center                   Wing                     Time % Phy DF OF 
 1 Anze Kopitar             Rocco Grimaldi           50     1   3  1  
 2 Joel Eriksson Ek         Denis Malgin             50     2   3  0  

Penalty Kill 4 Players Defense
   Defense                  Defense                  Time % Phy DF OF 
 1 Danny DeKeyser           Michael Matheson         58     1   4  0  
 2 Jack Johnson             Daniel Girardi           42     1   2  2  

Penalty Kill - 3 Players Forward 
   Forward                                           Time % Phy DF OF 
 1 Anze Kopitar                                      55     2   2  1  
 2 Bryan Little                                      45     1   3  1  

Penalty Kill - 3 Players Defense
   Defense                  Defense                  Time % Phy DF OF 
 1 Shea Theodore            Michael Matheson         60     1   4  0  
 2 Daniel Girardi           Danny DeKeyser           40     2   1  2  

4 vs 4 Forward 
   Center                   Wing                     Time % Phy DF OF 
 1 Bryan Little             Rocco Grimaldi           50     1   3  1  
 2 Leo Komarov              Brendan Lemieux          50     2   2  1  

4 vs 4 Defense
   Defense                  Defense                  Time % Phy DF OF 
 1 Daniel Girardi           Michael Matheson         50     2   2  1  
 2 Mathew Dumba             Jack Johnson             50     1   1  3  

Last Minutes Offensive
   Center                   Left Wing                Right Wing               Defense                  Defense                  
   Anze Kopitar             Tyson Jost               Cam Atkinson             Mathew Dumba             Michael Matheson         

Last Minutes Defensive
   Center                   Left Wing                Right Wing               Defense                  Defense                  
   Anze Kopitar             Leo Komarov              Rocco Grimaldi           Danny DeKeyser           Michael Matheson         

Goaltenders
Starting : Carey Price              
Backup : Pheonix Copley           

Extra Forwards
Normal : Bryan Little, Tyson Jost, Joel Eriksson Ek - PP : Bryan Little, Rocco Grimaldi - PK : Tyson Jost
Extra Defensemen
Normal : Shea Theodore, Daniel Girardi, Mathew Dumba - PP : Jack Johnson - PK : Daniel Girardi, Mathew Dumba
Penalty Shots
Anze Kopitar, Tyson Jost, Cam Atkinson, Bryan Little, Rocco Grimaldi
Custom OT Lines Forwards
Anze Kopitar, Cam Atkinson, Bryan Little, Rocco Grimaldi, Tyson Jost, Leo Komarov, Denis Malgin, Magnus Paajarvi-Svensson, Austin Wagner, Brendan Lemieux
Custom OT Lines Defensemen
Michael Matheson, Danny DeKeyser, Shea Theodore, Mathew Dumba, Daniel Girardi

Scratches
Jay Bouwmeester (Lacerated Right Calf Injury), Christian Wolanin (Sports Hernia Injury), Andrew Shaw (Bruised Left Leg Injury), Nikita Scherbak (Healthy), Sam Bennett (Healthy)

WINNIPEG BEAVERS

5 vs 5 Forward 
   Center                   Left Wing                Right Wing               Time % Phy DF OF 
 1 David Krejci             Brad Marchand            Gustav Nyquist           33     0   3  2  
 2 Mika Zibanejad           Ilya Kovalchuk           Reyley Smith             31     0   3  2  
 3 Travis Zajac             Brandon Tanev            David Backes             26     1   3  1  
 4 Matt Cullen              Troy Brouwer             Pontus Aberg             10     1   3  1  

5 vs 5 Defense 
   Defense                  Defense                                           Time % Phy DF OF 
 1 Mike Green               Kris Russell                                      32     0   3  2  
 2 Justin Braun             Trevor Daley                                      31     1   3  1  
 3 Kevan Miller             Nick Seeler                                       28     1   3  1  
 4 Mike Green               Nick Seeler                                       9      1   4  0  

PowerPlay Forward 
   Center                   Left Wing                Right Wing               Time % Phy DF OF 
 1 David Krejci             Brad Marchand            Reyley Smith             51     0   1  4  
 2 Mika Zibanejad           Brandon Tanev            Gustav Nyquist           49     1   1  3  

PowerPlay Defense
   Defense                  Defense                                           Time % Phy DF OF 
 1 Mike Green               Kevan Miller                                      51     0   1  4  
 2 Justin Braun             Kris Russell                                      49     0   2  3  

Penalty Kill 4 Players Forward 
   Center                   Wing                     Time % Phy DF OF 
 1 Travis Zajac             Brandon Tanev            52     1   3  1  
 2 David Backes             Matt Cullen              48     0   5  0  

Penalty Kill 4 Players Defense
   Defense                  Defense                  Time % Phy DF OF 
 1 Trevor Daley             Kris Russell             50     1   4  0  
 2 Justin Braun             Nick Seeler              50     1   4  0  

Penalty Kill - 3 Players Forward 
   Forward                                           Time % Phy DF OF 
 1 Travis Zajac                                      55     1   2  2  
 2 David Backes                                      45     1   2  2  

Penalty Kill - 3 Players Defense
   Defense                  Defense                  Time % Phy DF OF 
 1 Mike Green               Kris Russell             55     1   2  2  
 2 Justin Braun             Trevor Daley             45     1   2  2  

4 vs 4 Forward 
   Center                   Wing                     Time % Phy DF OF 
 1 David Krejci             Brad Marchand            51     1   2  2  
 2 Mika Zibanejad           Reyley Smith             49     1   2  2  

4 vs 4 Defense
   Defense                  Defense                  Time % Phy DF OF 
 1 Mike Green               Kris Russell             51     1   2  2  
 2 Justin Braun             Trevor Daley             49     1   2  2  

Last Minutes Offensive
   Center                   Left Wing                Right Wing               Defense                  Defense                  
   David Krejci             Brad Marchand            Reyley Smith             Mike Green               Kris Russell             

Last Minutes Defensive
   Center                   Left Wing                Right Wing               Defense                  Defense                  
   David Krejci             Brad Marchand            Reyley Smith             Justin Braun             Kris Russell             

Goaltenders
Starting : Sergei Bobrovsky         
Backup : Linus Ullmark            

Extra Forwards
Normal : Reyley Smith, Brad Marchand, David Krejci - PP : David Krejci, Brad Marchand - PK : Brad Marchand
Extra Defensemen
Normal : Mike Green, Nick Seeler, Justin Braun - PP : Justin Braun - PK : Nick Seeler, Justin Braun
Penalty Shots
Brad Marchand, David Krejci, Gustav Nyquist, Reyley Smith, Mika Zibanejad
Custom OT Lines Forwards
Brad Marchand, David Krejci, Brandon Tanev, Reyley Smith, Ilya Kovalchuk, Gustav Nyquist, Mika Zibanejad, David Backes, Travis Zajac, Matt Cullen
Custom OT Lines Defensemen
Mike Green, Kris Russell, Justin Braun, Trevor Daley, Nick Seeler

Scratches
Dominik Shine (Healthy), Griffin Reinhart (Healthy), Liam O'Brien (Healthy), Kale Kessy (Healthy), Olivier Archambault (Healthy)

% Time on Ice - VANCOUVER VOODOO

Lines # - Real PCT - Wanted PCT - Time Play
Normal Forward
1 - 28% - 34% - 13:54
2 - 28% - 34% - 14:06
3 - 22% - 23% - 10:57
4 - 22% - 9% - 10:52
Normal Defense
1 - 34% - 37% - 17:09
2 - 36% - 36% - 18:10
3 - 29% - 27% - 14:12
4 - 1% - 0% - 0:18
PP Forward
1 - 52% - 50% - 4:14
2 - 48% - 50% - 3:58
PP Defense
1 - 56% - 59% - 4:37
2 - 44% - 41% - 3:35
PK Forward
1 - 24% - 50% - 0:28
2 - 76% - 50% - 1:31
PK Defense
1 - 35% - 58% - 0:42
2 - 65% - 42% - 1:17
PK3 Forward
1 - 0% - 55%
2 - 0% - 45%
PK3 Defense
1 - 0% - 60%
2 - 0% - 40%
44 Forward
1 - 0% - 50%
2 - 0% - 50%
44 Defense
1 - 0% - 50%
2 - 0% - 50%
Last Minute Offensive  - 0:00
Last Minute Defensive  - 0:00
Total
Forward - 60:00
Defense - 60:00

% Time on Ice - WINNIPEG BEAVERS

Lines # - Real PCT - Wanted PCT - Time Play
Normal Forward
1 - 33% - 33% - 16:32
2 - 31% - 31% - 15:36
3 - 26% - 26% - 12:49
4 - 10% - 10% - 4:52
Normal Defense
1 - 34% - 32% - 17:05
2 - 33% - 31% - 16:30
3 - 29% - 28% - 14:33
4 - 3% - 9% - 1:41
PP Forward
1 - 58% - 51% - 1:09
2 - 42% - 49% - 0:50
PP Defense
1 - 42% - 51% - 0:50
2 - 58% - 49% - 1:09
PK Forward
1 - 52% - 52% - 4:16
2 - 48% - 48% - 3:56
PK Defense
1 - 43% - 50% - 3:31
2 - 57% - 50% - 4:41
PK3 Forward
1 - 0% - 55%
2 - 0% - 45%
PK3 Defense
1 - 0% - 55%
2 - 0% - 45%
44 Forward
1 - 0% - 51%
2 - 0% - 49%
44 Defense
1 - 0% - 51%
2 - 0% - 49%
Last Minute Offensive  - 0:00
Last Minute Defensive  - 0:00
Total
Forward - 60:00
Defense - 60:00

Play-by-Play

1st period


0:01 of 1st period - David Krejci wins face-off versus Anze Kopitar in neutral zone.
0:08 of 1st period - Shot by Gustav Nyquist.
0:08 of 1st period - Stopped by Carey Price without a rebound.
0:09 of 1st period - Bryan Little wins face-off versus Mika Zibanejad in VANCOUVER VOODOO zone.
0:24 of 1st period - Shot by Mika Zibanejad.
0:24 of 1st period - Stopped by Carey Price without a rebound.
0:25 of 1st period - Travis Zajac wins face-off versus Leo Komarov in VANCOUVER VOODOO zone.
0:49 of 1st period - Kevan Miller is hit by Jack Johnson and loses puck.
0:53 of 1st period - Travis Zajac is hit by Mathew Dumba and loses puck.
1:59 of 1st period - Cam Atkinson is hit by David Krejci and loses puck.
2:26 of 1st period - Shot by Cam Atkinson.
2:26 of 1st period - Deflect By Anze Kopitar.
2:26 of 1st period - Goal by Anze Kopitar - VANCOUVER VOODOO : 1 - WINNIPEG BEAVERS : 0.
2:27 of 1st period - Tyson Jost wins face-off versus Matt Cullen in neutral zone.
2:27 of 1st period - Bryan Little is hit by Troy Brouwer and loses puck.
2:38 of 1st period - Shot by Tyson Jost.
2:38 of 1st period - Stopped by Sergei Bobrovsky with a rebound.
2:49 of 1st period - Minor Penalty to Nick Seeler for Interference.
2:50 of 1st period - Travis Zajac wins face-off versus Bryan Little in WINNIPEG BEAVERS zone.
3:14 of 1st period - Icing by Tyson Jost.
3:15 of 1st period - David Backes wins face-off versus Cam Atkinson in VANCOUVER VOODOO zone.
3:47 of 1st period - Off-side.
3:48 of 1st period - Anze Kopitar wins face-off versus David Backes in neutral zone.
4:07 of 1st period - Shot by Shea Theodore.
4:07 of 1st period - Shot Blocked by Justin Braun.
4:09 of 1st period - Shot by Denis Malgin.
4:09 of 1st period - Stopped by Sergei Bobrovsky without a rebound.
4:10 of 1st period - Bryan Little wins face-off versus Matt Cullen in WINNIPEG BEAVERS zone.
5:47 of 1st period - Icing by Daniel Girardi.
5:48 of 1st period - David Krejci wins face-off versus Carter Verhaeghe in VANCOUVER VOODOO zone.
5:51 of 1st period - Shot by David Krejci.
5:51 of 1st period - Shot Misses the Net.
5:53 of 1st period - Shot by David Krejci.
5:53 of 1st period - Shot Blocked by Danny DeKeyser.
6:01 of 1st period - Shot by Gustav Nyquist.
6:01 of 1st period - Stopped by Carey Price without a rebound.
6:02 of 1st period - Travis Zajac wins face-off versus Anze Kopitar in VANCOUVER VOODOO zone.
6:02 of 1st period - David Backes is hit by Michael Matheson.
6:17 of 1st period - Brandon Tanev is hit by Shea Theodore and loses puck.
6:22 of 1st period - Shot by Travis Zajac.
6:22 of 1st period - Stopped by Carey Price without a rebound.
6:23 of 1st period - David Krejci wins face-off versus Rocco Grimaldi in VANCOUVER VOODOO zone.
6:38 of 1st period - Shot by Gustav Nyquist.
6:38 of 1st period - Shot Misses the Net.
6:40 of 1st period - Shot by David Krejci.
6:40 of 1st period - Shot Misses the Net.
6:42 of 1st period - Shot by Trevor Daley.
6:42 of 1st period - Stopped by Carey Price with a rebound.
6:50 of 1st period - Shot by David Krejci.
6:50 of 1st period - Stopped by Carey Price without a rebound.
6:51 of 1st period - Travis Zajac wins face-off versus Anze Kopitar in VANCOUVER VOODOO zone.
7:24 of 1st period - Shot by Cam Atkinson.
7:24 of 1st period - Stopped by Sergei Bobrovsky without a rebound.
7:24 of 1st period - Minor Penalty to Mike Green for Interference.
7:25 of 1st period - David Backes wins face-off versus Anze Kopitar in WINNIPEG BEAVERS zone.
7:40 of 1st period - Shot by Anze Kopitar.
7:40 of 1st period - Deflect By Magnus Paajarvi-Svensson.
7:40 of 1st period - Stopped by Sergei Bobrovsky without a rebound.
7:41 of 1st period - Bryan Little wins face-off versus Travis Zajac in WINNIPEG BEAVERS zone.
9:07 of 1st period - Shot by Anze Kopitar.
9:07 of 1st period - Stopped by Sergei Bobrovsky without a rebound.
9:08 of 1st period - David Backes wins face-off versus Tyson Jost in WINNIPEG BEAVERS zone.
10:34 of 1st period - Shot by Magnus Paajarvi-Svensson.
10:34 of 1st period - Shot Blocked by Justin Braun.
10:36 of 1st period - Shot by Daniel Girardi.
10:36 of 1st period - Shot Blocked by Gustav Nyquist.
10:38 of 1st period - Shot by Magnus Paajarvi-Svensson.
10:38 of 1st period - Shot Misses the Net.
11:45 of 1st period - Shot by Cam Atkinson.
11:45 of 1st period - Stopped by Sergei Bobrovsky without a rebound.
11:46 of 1st period - Travis Zajac wins face-off versus Bryan Little in WINNIPEG BEAVERS zone.
11:46 of 1st period - Travis Zajac is hit by Bryan Little.
12:18 of 1st period - Shot by Travis Zajac.
12:18 of 1st period - Stopped by Carey Price without a rebound.
12:19 of 1st period - Carter Verhaeghe wins face-off versus Mika Zibanejad in VANCOUVER VOODOO zone.
12:19 of 1st period - Carter Verhaeghe is hit by Mika Zibanejad.
12:31 of 1st period - Shot by Reyley Smith.
12:31 of 1st period - Shot Misses the Net.
13:04 of 1st period - Shot by Mika Zibanejad.
13:04 of 1st period - Stopped by Carey Price without a rebound.
13:05 of 1st period - Anze Kopitar wins face-off versus David Krejci in VANCOUVER VOODOO zone.
13:13 of 1st period - Icing by Brad Marchand.
13:14 of 1st period - David Krejci wins face-off versus Bryan Little in WINNIPEG BEAVERS zone.
14:14 of 1st period - Off-side.
14:15 of 1st period - Anze Kopitar wins face-off versus Mika Zibanejad in neutral zone.
14:50 of 1st period - Minor Penalty to Ilya Kovalchuk for Cross-checking.
14:51 of 1st period - Anze Kopitar wins face-off versus David Backes in WINNIPEG BEAVERS zone.
15:14 of 1st period - Shot by Anze Kopitar.
15:14 of 1st period - Stopped by Sergei Bobrovsky without a rebound.
15:15 of 1st period - David Backes wins face-off versus Tyson Jost in WINNIPEG BEAVERS zone.
16:17 of 1st period - Shot by Anze Kopitar.
16:17 of 1st period - Stopped by Sergei Bobrovsky without a rebound.
16:18 of 1st period - Travis Zajac wins face-off versus Anze Kopitar in WINNIPEG BEAVERS zone.
17:16 of 1st period - Shot by Brad Marchand.
17:16 of 1st period - Goal by Brad Marchand - VANCOUVER VOODOO : 1 - WINNIPEG BEAVERS : 1.
17:17 of 1st period - Bryan Little wins face-off versus Mika Zibanejad in neutral zone.
17:32 of 1st period - Shot by Rocco Grimaldi.
17:32 of 1st period - Shot Misses the Net.
17:34 of 1st period - Shot by Jack Johnson.
17:34 of 1st period - Stopped by Sergei Bobrovsky without a rebound.
17:35 of 1st period - Anze Kopitar wins face-off versus Travis Zajac in WINNIPEG BEAVERS zone.
18:05 of 1st period - Anze Kopitar is hit by Brandon Tanev and loses puck.
19:10 of 1st period - Icing by Daniel Girardi.
19:11 of 1st period - Anze Kopitar wins face-off versus Mika Zibanejad in VANCOUVER VOODOO zone.
19:27 of 1st period - Rocco Grimaldi is hit by Kevan Miller and loses puck.
19:37 of 1st period - Minor Penalty to Nick Seeler for Interference.
19:38 of 1st period - Matt Cullen wins face-off versus Bryan Little in WINNIPEG BEAVERS zone.
19:57 of 1st period - Shot by Magnus Paajarvi-Svensson.
19:57 of 1st period - Shot Blocked by Justin Braun.
19:59 of 1st period - Shot by Mathew Dumba.
19:59 of 1st period - Shot Misses the Net.
Goals for this period are 1 for VANCOUVER VOODOO vs 1 for WINNIPEG BEAVERS.
Shots for this period are 10 for VANCOUVER VOODOO vs 9 for WINNIPEG BEAVERS.

2nd period


0:01 of 2nd period - Anze Kopitar wins face-off versus David Backes in neutral zone.
0:33 of 2nd period - Shot by Anze Kopitar.
0:33 of 2nd period - Shot Misses the Net.
0:35 of 2nd period - Shot by Magnus Paajarvi-Svensson.
0:35 of 2nd period - Shot Misses the Net.
0:37 of 2nd period - Shot by Shea Theodore.
0:37 of 2nd period - Stopped by Sergei Bobrovsky without a rebound.
0:38 of 2nd period - Travis Zajac wins face-off versus Bryan Little in WINNIPEG BEAVERS zone.
0:52 of 2nd period - Shot by Cam Atkinson.
0:52 of 2nd period - Deflect By Tyson Jost.
0:52 of 2nd period - Shot Misses the Net.
1:18 of 2nd period - Shot by Cam Atkinson.
1:18 of 2nd period - Stopped by Sergei Bobrovsky without a rebound.
1:19 of 2nd period - Anze Kopitar wins face-off versus Travis Zajac in WINNIPEG BEAVERS zone.
1:24 of 2nd period - Shot by Mathew Dumba.
1:24 of 2nd period - Stopped by Sergei Bobrovsky without a rebound.
1:25 of 2nd period - Anze Kopitar wins face-off versus David Backes in WINNIPEG BEAVERS zone.
1:38 of 2nd period - Shot by Magnus Paajarvi-Svensson.
1:38 of 2nd period - Shot Misses the Net.
2:26 of 2nd period - Icing by Jack Johnson.
2:27 of 2nd period - Carter Verhaeghe wins face-off versus Travis Zajac in VANCOUVER VOODOO zone.
2:46 of 2nd period - Shot by Tyson Jost.
2:46 of 2nd period - Stopped by Sergei Bobrovsky without a rebound.
2:47 of 2nd period - David Krejci wins face-off versus Denis Malgin in WINNIPEG BEAVERS zone.
3:00 of 2nd period - Shot by Gustav Nyquist.
3:00 of 2nd period - Goal by Gustav Nyquist - VANCOUVER VOODOO : 1 - WINNIPEG BEAVERS : 2.
3:01 of 2nd period - David Backes wins face-off versus Bryan Little in neutral zone.
3:20 of 2nd period - Shot by Brandon Tanev.
3:20 of 2nd period - Stopped by Carey Price without a rebound.
3:21 of 2nd period - Anze Kopitar wins face-off versus David Krejci in VANCOUVER VOODOO zone.
3:25 of 2nd period - Icing by Cam Atkinson.
3:26 of 2nd period - David Krejci wins face-off versus Anze Kopitar in VANCOUVER VOODOO zone.
3:27 of 2nd period - Shot by Brad Marchand.
3:27 of 2nd period - Deflect By Gustav Nyquist.
3:27 of 2nd period - Shot Blocked by Michael Matheson.
3:29 of 2nd period - Shot by Trevor Daley.
3:29 of 2nd period - Stopped by Carey Price without a rebound.
3:30 of 2nd period - David Krejci wins face-off versus Tyson Jost in VANCOUVER VOODOO zone.
3:36 of 2nd period - Brad Marchand is hit by Michael Matheson and loses puck.
5:02 of 2nd period - Minor Penalty to Danny DeKeyser for Hooking.
5:03 of 2nd period - Denis Malgin wins face-off versus David Krejci in VANCOUVER VOODOO zone.
5:03 of 2nd period - Denis Malgin is hit by Brad Marchand.
5:12 of 2nd period - Off-side.
5:13 of 2nd period - Joel Eriksson Ek wins face-off versus Gustav Nyquist in neutral zone.
5:26 of 2nd period - Icing by Mika Zibanejad.
5:27 of 2nd period - Joel Eriksson Ek wins face-off versus Mika Zibanejad in WINNIPEG BEAVERS zone.
5:40 of 2nd period - Shot by Mika Zibanejad.
5:40 of 2nd period - Shot Blocked by Daniel Girardi.
6:10 of 2nd period - Jack Johnson is hit by David Krejci and loses puck.
6:21 of 2nd period - Shot by David Krejci.
6:21 of 2nd period - Shot Misses the Net.
6:23 of 2nd period - Shot by Brad Marchand.
6:23 of 2nd period - Shot Hit the Post.
6:25 of 2nd period - Shot by Brad Marchand.
6:25 of 2nd period - Shot Misses the Net.
6:29 of 2nd period - Shot by David Krejci.
6:29 of 2nd period - Shot Misses the Net.
6:31 of 2nd period - Shot by Justin Braun.
6:31 of 2nd period - Shot Misses the Net.
6:33 of 2nd period - Shot by Kris Russell.
6:33 of 2nd period - Stopped by Carey Price without a rebound.
6:34 of 2nd period - Anze Kopitar wins face-off versus David Krejci in VANCOUVER VOODOO zone.
6:45 of 2nd period - Shot by Brad Marchand.
6:45 of 2nd period - Shot Misses the Net.
7:24 of 2nd period - Mike Green is hit by Michael Matheson and loses puck.
8:08 of 2nd period - Off-side.
8:09 of 2nd period - Mika Zibanejad wins face-off versus Leo Komarov in neutral zone.
8:19 of 2nd period - Mika Zibanejad is hit by Daniel Girardi and loses puck.
8:51 of 2nd period - Off-side.
8:52 of 2nd period - David Krejci wins face-off versus Carter Verhaeghe in neutral zone.
9:25 of 2nd period - Shot by David Krejci.
9:25 of 2nd period - Shot Misses the Net.
9:27 of 2nd period - Shot by David Krejci.
9:27 of 2nd period - Stopped by Carey Price without a rebound.
9:28 of 2nd period - Travis Zajac wins face-off versus Bryan Little in VANCOUVER VOODOO zone.
9:47 of 2nd period - Shot by Rocco Grimaldi.
9:47 of 2nd period - Shot Blocked by Kevan Miller.
9:55 of 2nd period - Shot by Bryan Little.
9:55 of 2nd period - Shot Hit the Post.
9:57 of 2nd period - Shot by Rocco Grimaldi.
9:57 of 2nd period - Shot Misses the Net.
9:59 of 2nd period - Shot by Bryan Little.
9:59 of 2nd period - Deflect By Tyson Jost.
9:59 of 2nd period - Goal by Tyson Jost - VANCOUVER VOODOO : 2 - WINNIPEG BEAVERS : 2.
10:00 of 2nd period - Anze Kopitar wins face-off versus Mika Zibanejad in neutral zone.
10:41 of 2nd period - Off-side.
10:42 of 2nd period - David Krejci wins face-off versus Leo Komarov in neutral zone.
12:07 of 2nd period - Shot by Bryan Little.
12:07 of 2nd period - Stopped by Sergei Bobrovsky without a rebound.
12:08 of 2nd period - Anze Kopitar wins face-off versus Travis Zajac in WINNIPEG BEAVERS zone.
12:08 of 2nd period - Cam Atkinson is hit by Mike Green and loses puck.
12:12 of 2nd period - Icing by Kris Russell.
12:13 of 2nd period - Anze Kopitar wins face-off versus Travis Zajac in WINNIPEG BEAVERS zone.
12:19 of 2nd period - Icing by Mike Green.
12:20 of 2nd period - Travis Zajac wins face-off versus Anze Kopitar in WINNIPEG BEAVERS zone.
12:33 of 2nd period - Shot by Travis Zajac.
12:33 of 2nd period - Shot Misses the Net.
12:35 of 2nd period - Shot by Mike Green.
12:35 of 2nd period - Stopped by Carey Price with a rebound.
12:39 of 2nd period - Shot by David Backes.
12:39 of 2nd period - Stopped by Carey Price with a rebound.
12:41 of 2nd period - Shot by Brandon Tanev.
12:41 of 2nd period - Stopped by Carey Price without a rebound.
12:42 of 2nd period - Mika Zibanejad wins face-off versus Tyson Jost in VANCOUVER VOODOO zone.
12:59 of 2nd period - Shot by Bryan Little.
12:59 of 2nd period - Shot Misses the Net.
13:01 of 2nd period - Shot by Danny DeKeyser.
13:01 of 2nd period - Shot Misses the Net.
13:03 of 2nd period - Shot by Danny DeKeyser.
13:03 of 2nd period - Stopped by Sergei Bobrovsky without a rebound.
13:04 of 2nd period - David Krejci wins face-off versus Leo Komarov in WINNIPEG BEAVERS zone.
13:17 of 2nd period - Shot by Magnus Paajarvi-Svensson.
13:17 of 2nd period - Shot Misses the Net.
14:08 of 2nd period - Shot by Rocco Grimaldi.
14:08 of 2nd period - Shot Misses the Net.
14:13 of 2nd period - Icing by Mike Green.
14:14 of 2nd period - David Krejci wins face-off versus Anze Kopitar in WINNIPEG BEAVERS zone.
14:41 of 2nd period - Shot by Cam Atkinson.
14:41 of 2nd period - Shot Misses the Net.
15:23 of 2nd period - Shot by Reyley Smith.
15:23 of 2nd period - Stopped by Carey Price without a rebound.
15:24 of 2nd period - Leo Komarov wins face-off versus Travis Zajac in VANCOUVER VOODOO zone.
15:24 of 2nd period - Leo Komarov is hit by Brandon Tanev.
15:56 of 2nd period - Shot by Magnus Paajarvi-Svensson.
15:56 of 2nd period - Shot Misses the Net.
16:04 of 2nd period - Shot by Denis Malgin.
16:04 of 2nd period - Shot Blocked by Justin Braun.
16:30 of 2nd period - Shot by Tyson Jost.
16:30 of 2nd period - Deflect By Bryan Little.
16:30 of 2nd period - Shot Misses the Net.
16:32 of 2nd period - Shot by Rocco Grimaldi.
16:32 of 2nd period - Stopped by Sergei Bobrovsky without a rebound.
16:33 of 2nd period - Carter Verhaeghe wins face-off versus Mika Zibanejad in WINNIPEG BEAVERS zone.
16:33 of 2nd period - Carter Verhaeghe is hit by Kevan Miller.
16:55 of 2nd period - Mika Zibanejad is hit by Jack Johnson and loses puck.
17:02 of 2nd period - Shot by Mika Zibanejad.
17:02 of 2nd period - Stopped by Carey Price without a rebound.
17:03 of 2nd period - Bryan Little wins face-off versus David Krejci in VANCOUVER VOODOO zone.
17:03 of 2nd period - Minor Penalty to Brad Marchand for High sticking.
17:04 of 2nd period - Bryan Little wins face-off versus David Backes in WINNIPEG BEAVERS zone.
17:17 of 2nd period - Shot by Cam Atkinson.
17:17 of 2nd period - Shot Misses the Net.
17:19 of 2nd period - Shot by Cam Atkinson.
17:19 of 2nd period - Goal by Cam Atkinson - VANCOUVER VOODOO : 3 - WINNIPEG BEAVERS : 2.
17:20 of 2nd period - Leo Komarov wins face-off versus Mika Zibanejad in neutral zone.
17:32 of 2nd period - Leo Komarov is hit by Nick Seeler and loses puck.
17:47 of 2nd period - Shot by Mika Zibanejad.
17:47 of 2nd period - Deflect By Reyley Smith.
17:47 of 2nd period - Shot Misses the Net.
18:14 of 2nd period - Icing by Reyley Smith.
18:15 of 2nd period - Mika Zibanejad wins face-off versus Bryan Little in WINNIPEG BEAVERS zone.
19:11 of 2nd period - Shot by David Krejci.
19:11 of 2nd period - Stopped by Carey Price without a rebound.
19:12 of 2nd period - Anze Kopitar wins face-off versus Travis Zajac in VANCOUVER VOODOO zone.
19:19 of 2nd period - Shot by Cam Atkinson.
19:19 of 2nd period - Shot Misses the Net.
19:21 of 2nd period - Shot by Anze Kopitar.
19:21 of 2nd period - Shot Misses the Net.
19:23 of 2nd period - Shot by Anze Kopitar.
19:23 of 2nd period - Stopped by Sergei Bobrovsky with a rebound.
19:25 of 2nd period - Shot by Daniel Girardi.
19:25 of 2nd period - Stopped by Sergei Bobrovsky without a rebound.
19:26 of 2nd period - Leo Komarov wins face-off versus Matt Cullen in WINNIPEG BEAVERS zone.
19:26 of 2nd period - Mathew Dumba is hit by Kris Russell and loses puck.
19:47 of 2nd period - Shot by Mathew Dumba.
19:47 of 2nd period - Stopped by Sergei Bobrovsky without a rebound.
19:48 of 2nd period - Mika Zibanejad wins face-off versus Anze Kopitar in WINNIPEG BEAVERS zone.
Goals for this period are 2 for VANCOUVER VOODOO vs 1 for WINNIPEG BEAVERS.
Shots for this period are 12 for VANCOUVER VOODOO vs 11 for WINNIPEG BEAVERS.

3rd period


0:01 of 3rd period - Anze Kopitar wins face-off versus Travis Zajac in neutral zone.
0:10 of 3rd period - Shot by Anze Kopitar.
0:10 of 3rd period - Stopped by Sergei Bobrovsky without a rebound.
0:11 of 3rd period - Bryan Little wins face-off versus Reyley Smith in WINNIPEG BEAVERS zone.
0:11 of 3rd period - Shea Theodore is hit by Justin Braun and loses puck.
0:26 of 3rd period - Shot by Mika Zibanejad.
0:26 of 3rd period - Stopped by Carey Price without a rebound.
0:27 of 3rd period - Travis Zajac wins face-off versus Cam Atkinson in VANCOUVER VOODOO zone.
0:34 of 3rd period - Shot by Cam Atkinson.
0:34 of 3rd period - Shot Misses the Net.
0:36 of 3rd period - Shot by Anze Kopitar.
0:36 of 3rd period - Goal by Anze Kopitar - VANCOUVER VOODOO : 4 - WINNIPEG BEAVERS : 2.
0:36 of 3rd period - Linus Ullmark enters game.
0:37 of 3rd period - Bryan Little wins face-off versus David Krejci in neutral zone.
0:48 of 3rd period - Shot by Bryan Little.
0:48 of 3rd period - Stopped by Linus Ullmark without a rebound.
0:49 of 3rd period - Brendan Lemieux wins face-off versus Travis Zajac in WINNIPEG BEAVERS zone.
0:51 of 3rd period - Anze Kopitar is hit by Nick Seeler and loses puck.
1:08 of 3rd period - Shot by Anze Kopitar.
1:08 of 3rd period - Stopped by Linus Ullmark without a rebound.
1:09 of 3rd period - Tyson Jost wins face-off versus Mika Zibanejad in WINNIPEG BEAVERS zone.
1:13 of 3rd period - Rocco Grimaldi is hit by Justin Braun and loses puck.
2:33 of 3rd period - Brad Marchand is hit by Brendan Lemieux and loses puck.
3:09 of 3rd period - Denis Malgin is hit by Kris Russell and loses puck.
3:15 of 3rd period - Magnus Paajarvi-Svensson is hit by Kris Russell.
4:22 of 3rd period - Shot by Travis Zajac.
4:22 of 3rd period - Shot Blocked by Daniel Girardi.
4:52 of 3rd period - Shot by Bryan Little.
4:52 of 3rd period - Deflect By Tyson Jost.
4:52 of 3rd period - Stopped by Linus Ullmark with a rebound.
5:04 of 3rd period - David Backes is hit by Brendan Lemieux and loses puck.
6:20 of 3rd period - Shot by Denis Malgin.
6:20 of 3rd period - Stopped by Linus Ullmark with a rebound.
6:46 of 3rd period - Off-side.
6:47 of 3rd period - Mika Zibanejad wins face-off versus Bryan Little in neutral zone.
7:05 of 3rd period - Off-side.
7:06 of 3rd period - Carter Verhaeghe wins face-off versus Brad Marchand in neutral zone.
8:12 of 3rd period - Shot by Reyley Smith.
8:12 of 3rd period - Shot Misses the Net.
8:20 of 3rd period - Shot by Reyley Smith.
8:20 of 3rd period - Shot Misses the Net.
8:40 of 3rd period - Icing by Danny DeKeyser.
8:41 of 3rd period - Matt Cullen wins face-off versus Carter Verhaeghe in VANCOUVER VOODOO zone.
8:41 of 3rd period - Pontus Aberg is hit by Daniel Girardi and loses puck.
9:15 of 3rd period - Shot by Cam Atkinson.
9:15 of 3rd period - Shot Blocked by Mike Green.
9:45 of 3rd period - Icing by Rocco Grimaldi.
9:46 of 3rd period - Mika Zibanejad wins face-off versus Bryan Little in VANCOUVER VOODOO zone.
10:10 of 3rd period - Shot by Rocco Grimaldi.
10:10 of 3rd period - Stopped by Linus Ullmark with a rebound.
10:14 of 3rd period - Shot by Bryan Little.
10:14 of 3rd period - Stopped by Linus Ullmark without a rebound.
10:15 of 3rd period - David Krejci wins face-off versus Magnus Paajarvi-Svensson in WINNIPEG BEAVERS zone.
10:25 of 3rd period - Shot by Magnus Paajarvi-Svensson.
10:25 of 3rd period - Stopped by Linus Ullmark without a rebound.
10:26 of 3rd period - Leo Komarov wins face-off versus David Krejci in WINNIPEG BEAVERS zone.
10:47 of 3rd period - Shot by Denis Malgin.
10:47 of 3rd period - Shot Misses the Net.
10:51 of 3rd period - Shot by Magnus Paajarvi-Svensson.
10:51 of 3rd period - Deflect By Denis Malgin.
10:51 of 3rd period - Stopped by Linus Ullmark without a rebound.
10:52 of 3rd period - Mika Zibanejad wins face-off versus Bryan Little in WINNIPEG BEAVERS zone.
11:15 of 3rd period - Shot by Rocco Grimaldi.
11:15 of 3rd period - Stopped by Linus Ullmark without a rebound.
11:16 of 3rd period - David Krejci wins face-off versus Anze Kopitar in WINNIPEG BEAVERS zone.
11:18 of 3rd period - Icing by Gustav Nyquist.
11:19 of 3rd period - Anze Kopitar wins face-off versus David Krejci in WINNIPEG BEAVERS zone.
12:18 of 3rd period - Mika Zibanejad is hit by Daniel Girardi and loses puck.
12:30 of 3rd period - Icing by Trevor Daley.
12:31 of 3rd period - Bryan Little wins face-off versus Mika Zibanejad in WINNIPEG BEAVERS zone.
12:59 of 3rd period - Shot by Rocco Grimaldi.
12:59 of 3rd period - Shot Misses the Net.
13:01 of 3rd period - Shot by Rocco Grimaldi.
13:01 of 3rd period - Shot Misses the Net.
13:27 of 3rd period - Off-side.
13:28 of 3rd period - Carter Verhaeghe wins face-off versus Travis Zajac in neutral zone.
13:56 of 3rd period - Icing by Jack Johnson.
13:57 of 3rd period - Brad Marchand wins face-off versus Carter Verhaeghe in VANCOUVER VOODOO zone.
14:52 of 3rd period - Matt Cullen is hit by Austin Wagner and loses puck.
15:21 of 3rd period - Shot by Troy Brouwer.
15:21 of 3rd period - Shot Misses the Net.
15:59 of 3rd period - Shot by Mika Zibanejad.
15:59 of 3rd period - Stopped by Carey Price without a rebound.
16:00 of 3rd period - Travis Zajac wins face-off versus Bryan Little in VANCOUVER VOODOO zone.
16:23 of 3rd period - Shot by Bryan Little.
16:23 of 3rd period - Shot Misses the Net.
16:33 of 3rd period - Shot by Rocco Grimaldi.
16:33 of 3rd period - Shot Misses the Net.
16:39 of 3rd period - Shot by Bryan Little.
16:39 of 3rd period - Stopped by Linus Ullmark with a rebound.
17:04 of 3rd period - Anze Kopitar is hit by Mika Zibanejad.
17:10 of 3rd period - Reyley Smith is hit by Brendan Lemieux and loses puck.
17:41 of 3rd period - Icing by Shea Theodore.
17:42 of 3rd period - Leo Komarov wins face-off versus David Krejci in VANCOUVER VOODOO zone.
18:51 of 3rd period - Pontus Aberg is hit by Michael Matheson and loses puck.
19:09 of 3rd period - Shot by Troy Brouwer.
19:09 of 3rd period - Shot Misses the Net.
19:28 of 3rd period - David Backes is hit by Michael Matheson and loses puck.
19:32 of 3rd period - Icing by Shea Theodore.
19:33 of 3rd period - Mika Zibanejad wins face-off versus Leo Komarov in VANCOUVER VOODOO zone.
19:33 of 3rd period - Reyley Smith is hit by Shea Theodore and loses puck.
19:36 of 3rd period - Shot by Reyley Smith.
19:36 of 3rd period - Shot Blocked by Michael Matheson.
19:38 of 3rd period - Shot by Mika Zibanejad.
19:38 of 3rd period - Deflect By Reyley Smith.
19:38 of 3rd period - Shot Blocked by Michael Matheson.
19:40 of 3rd period - Shot by Reyley Smith.
19:40 of 3rd period - Stopped by Carey Price with a rebound.
19:42 of 3rd period - Shot by Mike Green.
19:42 of 3rd period - Stopped by Carey Price without a rebound.
19:43 of 3rd period - Bryan Little wins face-off versus Travis Zajac in VANCOUVER VOODOO zone.
19:43 of 3rd period - Tyson Jost is hit by Brandon Tanev and loses puck.
19:59 of 3rd period - Travis Zajac is hit by Daniel Girardi.
Goals for this period are 1 for VANCOUVER VOODOO vs 0 for WINNIPEG BEAVERS.
Shots for this period are 12 for VANCOUVER VOODOO vs 4 for WINNIPEG BEAVERS.


RYAN
NUGENT-HOPKINS
THATCHER
DEMKO
MITCHELL
MARNER

EAST COAST

HOCKEY LEAGUE

  • 13.MAN3PIT5
  • 14.NHW2ATL3
  • 15.PET5WOR4
  • 16.RHI30
  • 17.QUECHI
  • 18.CHALIM
  • 19.TRVLON
  • 20.CHWBAL